 Dungeon Crawl Stone Soup version 0.30-a0-364-gf6b3ef1049 (webtiles) character file.

Game seed: 4173189073867218942

140 ytrimaz the Chopper (level 5, 0/41 HPs)
             Began as a Formicid Fighter on Nov 15, 2022.
             Killed from afar by Ijyb (13 damage)
             ... with a puff of flame
             ... on level 3 of the Dungeon.
             The game lasted 00:03:13 (2037 turns).

ytrimaz the Chopper (Formicid Fighter)              Turns: 2037, Time: 00:03:14

Health: 0/41       AC:  8    Str: 20 (22) XL:     5   Next: 47%
Magic:  5/5        EV: 13    Int:  5 (8)  God:
Gold:   201        SH:  5    Dex: 12 (13) Spells: 4/4 levels left

rFire   . . .      SeeInvis +    a - +0 war axe
rCold   . . .      Faith    .    c - +0 buckler
rNeg    . . .      Spirit   .    b - +0 scale mail
rPois   .          Reflect  .    (helmet unavailable)
rElec   .          Harm     .    (no cloak)
rCorr   .          Rampage  .    n - +0 pair of gloves
Will    .....                    (no boots)
Stlth   ..........               (no amulet)
HPRegen 0.26/turn                i - +4 ring of evasion
MPRegen 0.09/turn                (no ring)

@: no status effects
A: permanent stasis, dig shafts and tunnels, antennae 3, four strong arms
a: Dig, Shaft Self


You were on level 3 of the Dungeon.
You visited 1 branch of the dungeon, and saw 3 of its levels.

You collected 201 gold pieces.


Innate Abilities, Weirdness & Mutations

You cannot be hasted, slowed, berserked, paralysed or teleported.
You can dig through walls and to a lower floor.
You have a pair of large antennae on your head. (SInv)
Your four strong arms can wield two-handed weapons with a shield.


   Skills:
 - Level 3.2 Fighting
 + Level 5.2 Axes
 - Level 3.2 Armour
 - Level 4.0 Shields


You had 4 spell levels left.
You didn't know any spells.
Your spell library was empty.

Inventory:

Hand Weapons
 a - a +0 war axe (weapon)
Missiles
 f - 6 poisoned darts
 o - 3 atropa-tipped darts
Armour
 b - a +0 scale mail (worn)
 c - a +0 buckler (worn)
 n - a +0 pair of gloves (worn)
   (You found it on level 2 of the Dungeon)
Jewellery
 i - a +4 ring of evasion (left hand)
   (You found it on level 1 of the Dungeon)
Potions
 d - 2 potions of might
 e - a potion of haste
 h - a potion of curing {unknown}
 k - a potion of magic {unknown}
 l - a potion of heal wounds {unknown}
 m - a potion of resistance {unknown}
 p - a potion of lignification {unknown}

Dungeon Overview and Level Annotations

Branches:
Dungeon (3/15) Zot: 15897

Altars:

Annotations:
D:3 Ijyb

{
#..'...>####.##
#. #.##....#
#... #.
#.##....# ####
## #. #.##....#
.. #.
#.##......
#.##.
#.#######.# ...
#.# .#
#.###g###.# #
#....)@...#
#...####..# #.
...# ##.## ..#
###


You could see Ijyb.


Message History

The goblin shouts!
A bat comes into view.
There are monsters nearby!
There are monsters nearby!
Found a stone staircase leading down.
You block the bat's attack. The bat misses you.
Unknown command.
You slash the goblin!
You kill the goblin!
The bat barely misses you. The bat hits you but does no damage.
Unknown command.
You closely miss the bat. The bat misses you.
You closely miss the bat. The bat hits you but does no damage.
Unknown command.
A bat is nearby!
A bat is nearby!
A bat is nearby!
The bat barely misses you.
Unknown command.
The bat hits you but does no damage. The bat barely misses you.
Things that are here:
a +0 dagger; a goblin corpse The bat hits you but does no damage.
You miss the bat. The bat hits you but does no damage.
You closely miss the bat. The bat barely misses you.
You hit the bat.
You kill the bat!
No target in view!
No target in view!
You now have 174 gold pieces (gained 17).
j - a scroll labelled SUIGUCELIH You now have 192 gold pieces (gained 18).
k - a dark potion You now have 201 gold pieces (gained 9).
You see here 5 stones.
Key pressed, stopping explore.
No target in view!
No target in view!
p - a bubbling white potion Key pressed, stopping explore.
As you read the scroll labelled SUIGUCELIH, it crumbles to dust.
You assume a fearsome visage.
Nothing appears to happen.
It was a scroll of fear.
Unknown command.
Found a stone staircase leading down.
You open the door.
There is an open door here.
A kobold comes into view.
It is wielding a +2 short sword of electrocution.
The kobold shouts!
A kobold is nearby!
A kobold is nearby!
A kobold is nearby!
The kobold throws a stone.
The stone hits you but does no damage.
A frilled lizard comes into view.
The kobold throws a stone.
The stone hits you but does no damage.
Unknown command.
Ijyb the Twisted Goblin comes into view.
She is wielding a +0 club and carrying a wand of flame (26).
Ijyb shouts!
The kobold closely misses you.
Ijyb screams, "Me very upset!"
Ijyb zaps a wand.
The puff of flame hits you.
You hit the kobold. The kobold hits you but does no damage.
You are electrocuted! 😮 HP[-14]
You take 14 damage, and now have 27/41 hp.
MASSIVE DAMAGE!! (PAUSE)
You closely miss the kobold. The kobold hits you but does no damage.
Ijyb zaps a wand.
The puff of flame hits you! The kobold barely misses you. 😮 HP[-6]
You take 6 damage, and now have 21/41 hp.
You hit the kobold.
You kill the kobold!
Unknown command.
Ijyb barely misses you. 😮 HP[+1] Unknown command.
You are too injured to fight recklessly!
You hit Ijyb but do no damage.
Ijyb zaps a wand.
The puff of flame hits you.
* * * LOW HITPOINT WARNING * * *
Ijyb hits you with a +0 club.
* * * LOW HITPOINT WARNING * * *
😨 HP[-9]
You take 9 damage, and now have 13/41 hp.
MASSIVE DAMAGE!! (PAUSE) It was a potion of haste.
Your stasis prevents you from being hasted.
You block Ijyb's attack.
Unknown command.
It was a potion of degeneration.
There was something very wrong with that liquid.
You feel weakened.
You feel dopey.
You feel clumsy.
Ijyb zaps a wand.
The puff of flame hits you!
You die...

Skill      XL: |  1  2  3  4  5 |
---------------+----------------+-----
Axes           | 3 4 5 |  5.2
Fighting       | |  3.2
Armour         | |  3.2
Shields        | |  4.0

Action                   |  1- 3 |  4- 6 || total
-------------------------+-------+-------++-------
Melee: War axe           |    82 |    87 ||   169
  Use: Scroll            |     1 |     4 ||     5
       Potion            |       |     2 ||     2
Armor: Scale mail        |    29 |    40 ||    69
Dodge: Dodged            |    45 |    69 ||   114
Block: Buckler           |    28 |    19 ||    47

Levels and vault maps discovered:
D:1:      ebering_trefoil_3fold, layout_rooms, chequers_big_river,
          skrybe_limestone_x, chequers_serial_rivers_room_a,
          minmay_misc_feat_alley, minmay_tromino_mix6
D:2:      layout_loops_ring, uniq_robin, uniq_jessica
D:3:      layout_basic, uniq_ijyb

Notes
Turn   | Place    | Note
-------+----------+-------------------------------------------
     0 | D:1      | ytrimaz the Formicid Fighter began the quest for the Orb.
     0 | D:1      | Reached XP level 1. HP: 18/18 MP: 1/1
     0 | D:1      | magus.rc [v1.9.6]
    46 | D:1      | Reached XP level 2. HP: 21/24 MP: 2/2
   104 | D:1      | Reached skill level 3 in Axes
   218 | D:1      | Reached XP level 3. HP: 29/29 MP: 3/3
   957 | D:2      | Noticed Robin
   972 | D:2      | Killed Robin
   973 | D:2      | Reached skill level 4 in Axes
   973 | D:2      | Reached XP level 4. HP: 31/35 MP: 4/4
  1334 | D:2      | Reached XP level 5. HP: 13/41 MP: 5/5
  1581 | D:2      | Noticed Jessica
  1588 | D:2      | Killed Jessica
  1589 | D:2      | Reached skill level 5 in Axes
  2029 | D:3      | Noticed Ijyb
  2037 | D:3      | Killed from afar by Ijyb

Vanquished Creatures
  Jessica (D:2)
  Robin (D:2)
  2 adders (D:2)
  A worm (D:2)
  2 dart slugs
  5 bats
  8 endoplasms
  2 giant cockroaches
  9 hobgoblins
  4 jackals (D:2)
  A quokka (D:1)
  7 ball pythons
  5 frilled lizards
  14 goblins
  5 kobolds
  8 rats
75 creatures vanquished.

Vanquished Creatures (others)
  5 plants (D:1)
5 creatures vanquished.

Grand Total: 80 creatures vanquished

Table legend:
 A = Non-vault XP
 B = Vault XP
 C = Vault XP percentage of total XP
 D = Non-vault monster count
 E = Vault monster count
 F = Vault count percentage of total count
                 A         B        C        D         E       F
            +---------+---------+-------+---------+---------+-------
      Total |     121 |      80 |  39.8 |      59 |      16 |  21.3
            +---------+---------+-------+---------+---------+-------
        D:1 |      42 |       4 |   8.7 |      28 |       2 |   6.7
        D:2 |      71 |      76 |  51.7 |      26 |      14 |  35.0
        D:3 |       8 |       0 |   0.0 |       5 |       0 |   0.0
            +---------+---------+-------+---------+---------+-------

Illustrated notes

Table legend:
 A = Kills in this place as a percentage of kills in entire the game.
 B = Kills by you in this place as a percentage of kills by you in the entire game.
 C = Kills by friends in this place as a percentage of kills by friends in the entire game.
 D = Other kills in this place as a percentage of other kills in the entire game.
 E = Experience gained in this place as a percentage of experience gained in the entire game.
 F = Experience gained in this place divided by the number of levels of this place that you have seen.
                   A       B       C       D       E      F
               +-------+-------+-------+-------+-------+----------------------
         Total | 100.0 | 100.0 |   N/A |   N/A | 100.0 |  67.0
       Dungeon | 100.0 | 100.0 |   N/A |   N/A | 100.0 |  67.0
               +-------+-------+-------+-------+-------+----------------------

Table legend: (Time is in decaauts)
 A = Elapsed time spent in this place.
 B = Non-inter-level travel time spent in this place.
 C = Inter-level travel time spent in this place.
 D = Time resting spent in this place.
 E = Time spent auto-exploring this place.
 F = Levels seen in this place.
 G = Mean time per level.
                   A        B        C        D        E       F      G
               +--------+--------+--------+--------+--------+-----+--------+
         Total |   2101 |   2026 |     75 |    146 |   1355 |   3 |  700.3 |
       Dungeon |   2101 |   2026 |     75 |    146 |   1355 |   3 |  700.3 |
               +--------+--------+--------+--------+--------+-----+--------+

Top non-repeatable levels by time:
     D:2: 1039 daAuts
     D:1: 917 daAuts
     D:3: 144 daAuts
